 Dungeon Crawl Stone Soup version 0.29.0-4-gdea44cf6ec (webtiles) character file.

Game seed: 15576088320063619198

192015 qw the Peltast (level 18, 0/176 HPs)
             Began as a Minotaur Berserker on Sept 9, 2022.
             Was an Elder of Trog.
             Slain by a shock serpent (14 damage)
             ... on level 4 of the Snake Pit.
             The game lasted 00:13:50 (41642 turns).

qw the Peltast (Minotaur Berserker)                Turns: 41642, Time: 00:13:51

Health: 0/176      AC: 28    Str: 29    XL:     18   Next: 2%
Magic:  17/17      EV: 11    Int:  4    God:    Trog [****..]
Gold:   767        SH: 28    Dex: 17    Spells: 17/17 levels left

rFire   + . .      SeeInvis +   n - +7 war axe (vamp)
rCold   . . .      Faith    .   B - +1 tower shield {AC+3}
rNeg    . . .      Spirit   .   m - +1 chain mail {rPois}
rPois   +          Reflect  +   (helmet restricted)
rElec   .          Harm     .   k - +2 cloak
rCorr   .          Rampage  .   f - +2 pair of gloves
Will    +....      NoTele   +   d - +2 pair of boots
Stlth   ..........              v - amulet of reflection
HPRegen 0.39/turn               i - ring of Reniol {Dex+6 Slay+3 SInv}
MPRegen 0.15/turn               r - ring of protection from fire

@: lethally poisoned (0 -> -4), untranslocatable, on berserk cooldown, slowed,
constricted, very slow
A: horns 2, retaliatory headbutt
a: Renounce Religion, Berserk, Trog's Hand, Brothers in Arms


You were on level 4 of the Snake Pit.
You worshipped Trog.
Trog was greatly pleased with you.
You visited 5 branches of the dungeon, and saw 29 of its levels.

You collected 3263 gold pieces.
You spent 2496 gold pieces at shops.


Innate Abilities, Weirdness & Mutations

You have a pair of horns on your head.
You reflexively headbutt those who attack you in melee.


   Skills:
 + Level 19.2 Fighting
 - Level 16.2 Axes
 - Level 11.0 Throwing
 - Level 16.0 Armour
 - Level 12.0 Dodging
 - Level 20.3 Shields


You had 17 spell levels left.
You didn't know any spells.
Your spell library was empty.

Inventory:

Hand Weapons
 n - a +7 vampiric war axe (weapon)
 C - a +3 war axe of flaming
Missiles
 s - 31 boomerangs
 y - 9 javelins
 D - 3 silver javelins (quivered)
Armour
 a - a +2 chain mail of fire resistance
 d - a +2 pair of boots (worn)
 f - a +2 pair of gloves (worn)
 k - a +2 cloak (worn)
 l - a +0 plate armour
 m - a +1 chain mail of poison resistance (worn)
 B - a +1 tower shield of protection (worn)
Jewellery
 c - a ring of ice
 i - the ring of Reniol (left hand) {Dex+6 Slay+3 SInv}
   (You bought it in a shop on level 14 of the Dungeon)

   [ring of dexterity]

   Dex:       It affects your dexterity (+6).
   Slay:      It affects your accuracy & damage with ranged weapons and melee
   (+3).
   SInv:      It lets you see invisible.
 j - a ring of protection from fire
 q - a ring of see invisible
 r - a ring of protection from fire (right hand)
 u - a ring of poison resistance
 v - an amulet of reflection (around neck)
 w - a +6 ring of dexterity
 Y - the ring "Kuesuve" {Fire Str-2 Int+10 SInv}
   (You bought it in a shop on level 5 of the Dungeon)

   [ring of fire]

   It enhances your fire magic.
   Str:       It affects your strength (-2).
   Int:       It affects your intelligence (+10).
   rF:        It protects you from fire.
   rC:        It makes you vulnerable to cold.
   SInv:      It lets you see invisible.
Scrolls
 e - 12 scrolls of identify
 p - 2 scrolls of teleportation
Potions
 b - 6 potions of mutation
 g - 2 potions of cancellation
 h - 16 potions of curing
 t - 12 potions of haste
 x - 3 potions of heal wounds
 z - 5 potions of might
 A - a potion of resistance

Dungeon Overview and Level Annotations

Branches:
Dungeon (15/15)            Temple (0/1) D:6            Lair (5/5) D:11
  Swamp (3/4) Lair:2        Snake (4/4) Lair:3        Slime (0/5) Lair:4
    Orc (2/2) D:11            Elf (0/3) Orc:2        Vaults (0/5) D:13
 Depths (0/4) D:15

Altars:
Cheibriados
Elyvilon
Makhleb
Okawaru
Ru
Trog
Uskayaw

Shops:
D:2 *   D:4 *   D:5 *   D:13 (   D:14 *   Orc:1 :*(   Orc:2 =[!!   Snake:1 (

Annotations:
Snake:2 3 runed translucent doors, qw's ghost, adept MiBe


Message History

You block the shock serpent's attack. You block the nagaraja's attack.
The nagaraja grabs you. The nagaraja constricts you.
The salamander tyrant hits you but does no damage.
The shock serpent bites you. The shock serpent shocks you!
The nagaraja spits poison at you.
The splash of poison reflects off an invisible shield around you!
The splash of poison hits the nagaraja.
The nagaraja completely resists.
The nagaraja constricts you.
You slash the nagaraja!
You feel better.
You headbutt the nagaraja, but do no damage.
The nagaraja is moderately wounded.
You completely miss the salamander tyrant.
You hit the shock serpent.
You feel better.
The shock serpent's electric aura discharges, shocking you!
You feel very sick. You block the shock serpent's attack.
The salamander tyrant hits you but does no damage.
The nagaraja hits you with a +0 halberd!
The nagaraja constricts you. You block the shock serpent's attack.
41641 ||| READING 3 scrolls of teleportation.
As you read the scroll of teleportation, it crumbles to dust.
You feel strangely unstable.
You feel very sick. The nagaraja casts a spell at you.
You feel firmly anchored in space.
Your teleport is interrupted.
The nagaraja constricts you. You block the shock serpent's attack.
The nagaraja spits poison at you.
The splash of poison reflects off an invisible shield around you!
The splash of poison hits the nagaraja.
The nagaraja constricts you. The shock serpent barely misses you.
The salamander tyrant hits you but does no damage.
The nagaraja hits you with a +0 halberd!
The nagaraja constricts you.
41642 ||| DRINKING 4 potions of heal wounds.
You feel much better.
You feel very sick.
The nagaraja no longer looks unusually toxic.
The naga mage no longer looks unusually toxic.
The shock serpent bites you. The shock serpent shocks you!
You die...

# ##..........### ##+
#...##'##....# ##..
#..##...##...# #...
#..#.....#..### ' #..8
#..+..}.8#...#. #.. #.(
##..#.....#...#.
#..##'##..###.8.##..###
+..NNS%.+# ##### .##
##8N.@8## #...)N..#
#...#.#...# #.. ####..#
## .## .# ##


You could see a nagaraja (fast), a naga sharpshooter, a salamander tyrant, a
shock serpent and a naga mage (catching breath).

Vanquished Creatures
  Vashnia (Snake:4)
  Jorgrun (Snake:1)
  Rupert (D:15)
  2 tentacled monstrosities (Swamp:3)
  2 quicksilver dragons (Snake:4)
  3 thorn hunters (Swamp:3)
  Kirke (Swamp:1)
  Donald (Swamp:3)
  6 nagarajas
  Louise (D:14)
  Nessos (D:14)
  An eleionoma (Swamp:3)
  2 bunyips
  Snorg (Orc:1)
  An ettin (Orc:1)
  Josephine (Swamp:1)
  A shambling mangrove (Swamp:3)
  A rakshasa (D:15)
  2 boulder beetles (D:13)
  Harold (D:10)
  4 salamander tyrants
  19 hydras
  5 centaur warriors
  3 catoblepae
  12 anacondas
  14 naga warriors
  Erica (D:10)
  2 ghost crabs (Swamp:2)
  2 two-headed ogres
  12 death yaks
  6 alligators
  9 shock serpents
  A slime creature (D:14)
  Urug (Lair:5)
  2 spriggan berserkers (Swamp:3)
  12 naga sharpshooters
  Nergalle (D:10)
  5 spriggans
  3 skeletal warriors (D:15)
  Lodul (D:11)
  4 salamander mystics
  A swamp dragon (Swamp:3)
  A spriggan druid (Swamp:3)
  4 goliath frogs
  2 bog bodies (Swamp:3)
  3 naga ritualists (Snake:3)
  9 orc knights
  A harpy (shapeshifter) (D:11)
  Pikel (D:5)
  A wizard (D:12)
  A necromancer (D:15)
  A deep elf pyromancer (D:15)
  An orc sorcerer (D:15)
  A deep elf zephyrmancer (D:15)
  19 salamanders
  3 ugly things (D:13)
  3 oklob plants
  2 manticores
  4 cyclopes
  6 mana vipers
  22 elephants
  A will-o-the-wisp (Swamp:3)
  A gargoyle (D:13)
  6 guardian serpents
  12 naga magi
  36 black mambas
  2 torpor snails
  13 cane toads
  A rime drake (Lair:5)
  Psyche (D:8)
  2 centaur skeletons (D:15)
  Maggie (D:6)
  A rime drake (shapeshifter) (D:13)
  2 kobold demonologists (D:13)
  7 komodo dragons
  A freezing wraith (D:15)
  2 efreet
  A tengu conjurer (D:9)
  7 tyrant leeches
  A polar bear (shapeshifter) (Lair:2)
  A polar bear (Lair:5)
  5 trolls
  A bloated husk (Swamp:1)
  7 hornets
  A harpy skeleton (D:15)
  2 wolf spider simulacra (D:15)
  Grinder (D:6)
  4 blink frogs (Lair:4)
  2 dream sheep (Lair:3)
  A jumping spider (shapeshifter) (D:13)
  2 shadows
  6 wraiths
  58 yaks
  5 wyverns
  2 basilisks
  3 hogs (Swamp:1)
  10 vampire mosquitoes
  A redback simulacrum (D:15)
  14 swamp worms
  8 wargs
  5 acid dragons
  35 nagas
  9 swamp drakes
  13 water moccasins
  Edmund (D:5)
  3 black bears
  49 orc warriors
  A hornet zombie (D:15)
  2 ice beasts
  2 sky beasts
  16 ogres
  18 wolves
  A lemure (D:5)
  2 phantoms
  9 centaurs
  Blork the orc (D:5)
  4 kobold brigands
  13 bullfrogs
  2 scorpions
  5 wights
  4 killer bees (D:9)
  An oklob sapling (Swamp:3)
  7 howler monkeys
  15 jellies
  A lava snake (D:14)
  3 hounds
  17 orc priests
  4 iguanas
  Crazy Yiuf (D:6)
  20 orc wizards
  6 hell rats (Lair:3)
  A mummy (D:6)
  8 gnolls
  4 river rats (Lair:3)
  6 adders
  3 white imps
  A dart slug (D:3)
  85 orcs
  4 endoplasms
  A giant cockroach (D:3)
  7 hobgoblins
  20 kobolds
  3 quokkas
  4 ball pythons
  A bat (D:2)
  A frilled lizard (D:1)
  A goblin zombie (D:6)
  A hobgoblin zombie (D:6)
  4 rats
  19 briar patches (Swamp:3)
912 creatures vanquished.

Vanquished Creatures (collateral kills)
  An eleionoma (Swamp:1)
  A hydra (Lair:3)
  A centaur warrior (D:13)
  A naga warrior (Snake:3)
  A deep troll shaman (Lair:5)
  A naga sharpshooter (Snake:4)
  A death drake (shapeshifter) (D:13)
  3 salamanders (Snake:3)
  A manticore (D:13)
  2 naga magi (Snake:3)
  A tengu conjurer (D:13)
  A yak (Lair:2)
  A basilisk (D:13)
  A naga (Snake:3)
17 creatures vanquished.

Vanquished Creatures (others)
  A wizard (D:15)
  A naga mage (Snake:4)
  A swamp worm (Swamp:2)
  A briar patch (Swamp:3)
  4 foxfires (Swamp:3)
  28 fungi
  38 plants
74 creatures vanquished.

Grand Total: 1003 creatures vanquished

Notes
Turn   | Place    | Note
-------+----------+-------------------------------------------
     0 | D:1      | qw the Minotaur Berserker began the quest for the Orb.
     0 | D:1      | Reached XP level 1. HP: 19/19 MP: 0/0
     0 | D:1      | 0 ||| qw: Version: 0.1-a-113-g051387a
     0 | D:1      | 0 ||| qw: Game counter: 6970
     0 | D:1      | 0 ||| qw: Always use a shield: true
     0 | D:1      | 0 ||| qw: Do Orc after D:15 true
     0 | D:1      | 0 ||| qw: Do second Lair branch before Depths: true
     0 | D:1      | 0 ||| qw: Lair rune preference: random
     0 | D:1      | 0 ||| qw: Plans: Normal
     0 | D:1      | 0 ||| PLANNING D:1-11
   383 | D:1      | 383 ||| Stepping ~*~*~tactically~*~*~ (stealth).
   412 | D:1      | 412 ||| Stepping ~*~*~tactically~*~*~ (stealth).
   450 | D:1      | Found a faded altar of an unknown god.
   575 | D:1      | 575 ||| Stepping ~*~*~tactically~*~*~ (stealth).
   576 | D:1      | 576 ||| Stepping ~*~*~tactically~*~*~ (stealth).
   649 | D:1      | Reached XP level 2. HP: 26/26 MP: 1/1
   782 | D:1      | 782 ||| READING scroll labelled AROSIBIDONA.
   783 | D:1      | 783 ||| READING scroll labelled AGAM CYR KIEBB.
   784 | D:1      | 784 ||| READING scroll labelled EXUNAH ROTOCK.
   798 | D:2      | Found Nyir's Assorted Antiques.
   934 | D:2      | 934 ||| BUYING scroll labelled DEM HURYGOITIF (22 gold).
   934 | D:2      | Bought a scroll labelled DEM HURYGOITIF for 22 gold pieces
   934 | D:2      | 934 ||| BUYING scroll labelled GED GOISAPIUSA (22 gold).
   934 | D:2      | Bought a scroll labelled GED GOISAPIUSA for 22 gold pieces
   934 | D:2      | 934 ||| BUYING scroll labelled HUREX JOABBONO (22 gold).
   934 | D:2      | Bought a scroll labelled HUREX JOABBONO for 22 gold pieces
   934 | D:2      | 934 ||| BUYING scroll labelled JENKE QUTZUXEW (22 gold).
   934 | D:2      | Bought a scroll labelled JENKE QUTZUXEW for 22 gold pieces
   934 | D:2      | 934 ||| SHOPLISTING scroll labelled KIGINA FARUSK (22 gold,
                  | have 3).
   975 | D:2      | Reached XP level 3. HP: 31/31 MP: 2/2
   977 | D:2      | Found a white marble altar of Elyvilon.
  1291 | D:2      | 1291 ||| UPGRADING to +0 leather armour.
  1301 | D:2      | 1301 ||| DROPPING +0 animal skin.
  1302 | D:2      | 1302 ||| UPGRADING to amulet of the acrobat.
  1307 | D:2      | 1307 ||| READING scroll labelled BESEVY FECRU.
  1308 | D:2      | 1308 ||| READING 4 scrolls labelled JENKE QUTZUXEW.
  1309 | D:2      | 1309 ||| READING scroll labelled DEM HURYGOITIF.
  1310 | D:2      | 1310 ||| READING scroll labelled GED GOISAPIUSA.
  1311 | D:2      | 1311 ||| READING scroll labelled HUREX JOABBONO.
  1312 | D:2      | 1312 ||| DRINKING 2 coppery potions.
  1313 | D:2      | 1313 ||| READING 3 scrolls of identify.
  1313 | D:2      | 1313 ||| IDENTIFYING brown potion
  1314 | D:2      | 1314 ||| READING 2 scrolls of identify.
  1314 | D:2      | 1314 ||| IDENTIFYING sedimented inky potion
  1315 | D:2      | 1315 ||| DROPPING potion of ambrosia.
  1316 | D:2      | 1316 ||| DROPPING potion of flight.
  1349 | D:3      | 1349 ||| Stepping ~*~*~tactically~*~*~ (stealth).
  1350 | D:3      | 1350 ||| Stepping ~*~*~tactically~*~*~ (stealth).
  1354 | D:3      | 1354 ||| Stepping ~*~*~tactically~*~*~ (stealth).
  1355 | D:3      | 1355 ||| Stepping ~*~*~tactically~*~*~ (stealth).
  1364 | D:3      | 1364 ||| Stepping ~*~*~tactically~*~*~ (stealth).
  1366 | D:3      | 1366 ||| Stepping ~*~*~tactically~*~*~ (stealth).
  1646 | D:3      | 1646 ||| Stepping ~*~*~tactically~*~*~ (stealth).
  1682 | D:3      | Found the +3 woodcutter's axe {vorpal}
  1878 | D:3      | 1878 ||| Stepping ~*~*~tactically~*~*~ (stealth).
  2361 | D:3      | 2361 ||| Stepping ~*~*~tactically~*~*~ (hiding).
  2371 | D:3      | Reached XP level 4. HP: 37/39 MP: 3/3
  2391 | D:3      | 2391 ||| UPGRADING to +0 pair of boots.
  2396 | D:3      | 2396 ||| DROPPING scarf of harm.
  2397 | D:3      | 2397 ||| READING 2 scrolls labelled KIGINA FARUSK.
  2398 | D:3      | 2398 ||| READING scroll labelled OTHAUS CUJ ORE.
  2399 | D:3      | 2399 ||| READING scroll labelled TEHAQI RIECUA.
  2400 | D:3      | 2400 ||| DRINKING 2 bubbling black potions.
  2401 | D:3      | 2401 ||| READING 2 scrolls of identify.
  2401 | D:3      | 2401 ||| IDENTIFYING lumpy red potion
  2402 | D:3      | 2402 ||| DROPPING scroll of magic mapping.
  2403 | D:3      | 2403 ||| DROPPING potion of lignification.
  2426 | D:4      | 2426 ||| STAIRDANCE
  2429 | D:3      | Reached skill level 6 in Axes
  2464 | D:4      | 2464 ||| INVOKING Berserk.
  2466 | D:4      | 2466 ||| STAIRDANCE
  2536 | D:4      | Reached ** piety under Trog
  2549 | D:4      | Reached XP level 5. HP: 40/45 MP: 4/4
  2550 | D:4      | 2550 ||| FLEEEEING.
  2551 | D:4      | 2551 ||| FLEEEEING.
  2552 | D:4      | 2552 ||| FLEEEEING.
  2553 | D:4      | 2553 ||| STAIRDANCE
  2582 | D:4      | 2582 ||| STAIRDANCE
  2614 | D:3      | 2614 ||| DROPPING +0 club.
  2630 | D:4      | 2630 ||| INVOKING Berserk.
  2640 | D:4      | 2640 ||| FLEEEEING.
  2641 | D:4      | 2641 ||| FLEEEEING.
  2642 | D:4      | 2642 ||| STAIRDANCE
  2790 | D:4      | 2790 ||| Stepping ~*~*~tactically~*~*~ (stealth).
  2791 | D:4      | 2791 ||| INVOKING Berserk.
  2804 | D:4      | 2804 ||| Stepping ~*~*~tactically~*~*~ (stealth).
  2806 | D:4      | 2806 ||| Stepping ~*~*~tactically~*~*~ (stealth).
  2808 | D:4      | 2808 ||| Stepping ~*~*~tactically~*~*~ (stealth).
  2809 | D:4      | 2809 ||| Stepping ~*~*~tactically~*~*~ (stealth).
  2811 | D:4      | Reached XP level 6. HP: 43/53 MP: 5/5
  2813 | D:4      | 2813 ||| Stepping ~*~*~tactically~*~*~ (stealth).
  2814 | D:4      | 2814 ||| Stepping ~*~*~tactically~*~*~ (stealth).
  2822 | D:4      | 2822 ||| Stepping ~*~*~tactically~*~*~ (stealth).
  2866 | D:4      | 2866 ||| DROPPING +0 whip.
  2911 | D:4      | Found Patzed's Lightly-Used Armoury.
  2918 | D:4      | 2918 ||| SHOPLISTING -1 demon whip (120 gold, have 102).
  2918 | D:4      | 2918 ||| SHOPLISTING -1 pearl dragon scales (1140 gold,
                  | have 102).
  2955 | D:4      | Found a hide-covered altar of Uskayaw.
  3155 | D:4      | 3155 ||| UPGRADING to +0 chain mail.
  3165 | D:4      | 3165 ||| DROPPING +0 ring mail.
  3166 | D:4      | 3166 ||| DROPPING +0 leather armour.
  3167 | D:4      | 3167 ||| READING scroll labelled KIDWYO TIMU.
  3168 | D:4      | 3168 ||| READING 4 scrolls of identify.
  3168 | D:4      | 3168 ||| IDENTIFYING viscous dark potion
  3186 | D:5      | Entered Level 5 of the Dungeon
  3187 | D:5      | Found a burning altar of Makhleb.
  3238 | D:5      | Noticed a water moccasin
  3243 | D:5      | Killed a water moccasin
  3252 | D:5      | Reached skill level 9 in Axes
  3278 | D:5      | Noticed Blork the orc
  3282 | D:5      | Reached XP level 7. HP: 60/60 MP: 6/6
  3282 | D:5      | 3282 ||| Stepping ~*~*~tactically~*~*~ (hiding).
  3285 | D:5      | 3285 ||| INVOKING Berserk.
  3289 | D:5      | Killed Blork the orc
  3290 | D:5      | Reached skill level 3 in Armour
  3409 | D:5      | 3409 ||| INVOKING Berserk.
  3575 | D:5      | 3575 ||| Stepping ~*~*~tactically~*~*~ (stealth).
  3577 | D:5      | 3577 ||| Stepping ~*~*~tactically~*~*~ (stealth).
  3581 | D:5      | 3581 ||| INVOKING Berserk.
  3702 | D:5      | Found Zunem's Assorted Antiques.
  3720 | D:5      | 3720 ||| BUYING dark potion (23 gold).
  3720 | D:5      | Bought a dark potion for 23 gold pieces
  3720 | D:5      | 3720 ||| BUYING fine marble ring (130 gold).
  3720 | D:5      | Bought a fine marble ring for 130 gold pieces
  3720 | D:5      | Identified the ring "Kuesuve" {Fire Str-2 Int+10 SInv} (You
                  | bought it in a shop on level 5 of the Dungeon)
  3720 | D:5      | 3720 ||| SHOPLISTING potion of curing (78 gold, have 48).
  3720 | D:5      | 3720 ||| SHOPLISTING runed onyx ring (130 gold, have 48).
  3750 | D:5      | 3750 ||| Stepping ~*~*~tactically~*~*~ (stealth).
  3756 | D:5      | 3756 ||| Stepping ~*~*~tactically~*~*~ (hiding).
  3764 | D:5      | 3764 ||| INVOKING Berserk.
  3921 | D:5      | Noticed Edmund
  3922 | D:5      | 3922 ||| INVOKING Berserk.
  3924 | D:5      | Killed Edmund
  4046 | D:5      | 4046 ||| DROPPING +0 flail.
  4091 | D:5      | 4091 ||| Stepping ~*~*~tactically~*~*~ (stealth).
  4092 | D:5      | 4092 ||| Stepping ~*~*~tactically~*~*~ (stealth).
  4101 | D:5      | Reached skill level 6 in Fighting
  4101 | D:5      | Reached XP level 8. HP: 56/71 MP: 7/7
  4429 | D:5      | Noticed Pikel
  4435 | D:5      | 4435 ||| INVOKING Berserk.
  4437 | D:5      | Killed Pikel
  4438 | D:5      | Reached skill level 12 in Axes
  4593 | D:5      | 4593 ||| INVOKING Berserk.
  4756 | D:5      | 4756 ||| SWAPPING to +0 war axe.
  4757 | D:5      | 4757 ||| DROPPING +1 hand axe of electrocution.
  5181 | D:5      | 5181 ||| UPGRADING to +0 plate armour.
  5191 | D:5      | 5191 ||| DROPPING +0 chain mail.
  5192 | D:5      | 5192 ||| UPGRADING to ring "Kuesuve" {Fire Str-2 Int+10
                  | SInv}.
  5193 | D:5      | 5193 ||| READING scroll labelled XUAFRI KUGALEJ.
  5196 | D:5      | 5196 ||| READING 3 scrolls of identify.
  5196 | D:5      | 5196 ||| IDENTIFYING glowing amethyst potion
  5197 | D:5      | 5197 ||| READING 2 scrolls of identify.
  5197 | D:5      | 5197 ||| IDENTIFYING dark potion
  5198 | D:5      | 5198 ||| DROPPING potion of degeneration.
  5199 | D:5      | 5199 ||| DROPPING potion of berserk rage.
  5225 | D:6      | 5225 ||| PLANNING OSSUARY
  5255 | D:6      | 5255 ||| INVOKING Berserk.
  5367 | D:6      | 5367 ||| INVOKING Berserk.
  5455 | D:6      | Noticed Maggie
  5468 | D:6      | Killed Maggie
  5469 | D:6      | Reached XP level 9. HP: 51/81 MP: 8/8
  5609 | D:6      | Found a staircase to the Ecumenical Temple.
  5644 | D:6      | 5644 ||| INVOKING Berserk.
  5649 | D:6      | Found a snail-covered altar of Cheibriados.
  5825 | D:6      | 5825 ||| Stepping ~*~*~tactically~*~*~ (stealth).
  5842 | D:6      | Reached skill level 6 in Armour
  5923 | D:6      | 5923 ||| RIP OSSUARY
  5950 | D:6      | 5950 ||| PLANNING D:1-11
  6019 | D:6      | Found a runed translucent door.
  6022 | D:6      | Noticed Crazy Yiuf
  6082 | D:6      | Noticed Grinder
  6083 | D:6      | 6083 ||| Stepping ~*~*~tactically~*~*~ (stealth).
  6095 | D:6      | 6095 ||| INVOKING Trog's Hand.
  6096 | D:6      | 6096 ||| INVOKING Berserk.
  6100 | D:6      | Killed Grinder
  6250 | D:6      | 6250 ||| Stepping ~*~*~tactically~*~*~ (stealth).
  6251 | D:6      | 6251 ||| INVOKING Berserk.
  6387 | D:6      | Found a bloodstained altar of Trog.
  6523 | D:6      | 6523 ||| Stepping ~*~*~tactically~*~*~ (hiding).
  6527 | D:6      | 6527 ||| Stepping ~*~*~tactically~*~*~ (hiding).
  6529 | D:6      | 6529 ||| Stepping ~*~*~tactically~*~*~ (stealth).
  6558 | D:6      | 6558 ||| Stepping ~*~*~tactically~*~*~ (stealth).
  6696 | D:6      | 6696 ||| UPGRADING to +0 pair of gloves.
  6701 | D:6      | 6701 ||| UPGRADING to +2 cloak.
  6706 | D:6      | 6706 ||| UPGRADING to ring of protection from fire.
  6707 | D:6      | 6707 ||| READING scroll labelled NUAHAM LAIT.
  6808 | D:6      | 6808 ||| READING scroll labelled INUONLU VYGHECS.
  6809 | D:6      | 6809 ||| Stepping randomly (stuck).
  6810 | D:6      | 6810 ||| INVOKING Berserk.
  6811 | D:6      | Killed Crazy Yiuf
  7105 | D:7      | Found a sacrificial altar of Ru.
  7154 | D:7      | 7154 ||| Stepping ~*~*~tactically~*~*~ (stealth).
  7572 | D:7      | 7572 ||| Stepping ~*~*~tactically~*~*~ (hiding).
  7831 | D:8      | 7831 ||| DRINKING 4 potions of curing.
  7831 | D:8      | 7831 ||| (to cure confusion)
  7928 | D:8      | 7928 ||| Stepping ~*~*~tactically~*~*~ (hiding).
  8195 | D:8      | 8195 ||| READING scroll of enchant armour.
  8195 | D:8      | 8195 ||| ENCHANTING +0 pair of gloves.
  8252 | D:8      | 8252 ||| Stepping ~*~*~tactically~*~*~ (stealth).
  8266 | D:8      | 8266 ||| FLEEEEING.
  8267 | D:8      | 8267 ||| FLEEEEING.
  8268 | D:8      | 8268 ||| FLEEEEING.
  8269 | D:8      | 8269 ||| FLEEEEING.
  8270 | D:8      | 8270 ||| FLEEEEING.
  8271 | D:8      | 8271 ||| FLEEEEING.
  8272 | D:8      | 8272 ||| FLEEEEING.
  8273 | D:8      | 8273 ||| FLEEEEING.
  8274 | D:8      | 8274 ||| FLEEEEING.
  8275 | D:8      | 8275 ||| FLEEEEING.
  8276 | D:8      | 8276 ||| FLEEEEING.
  8277 | D:8      | 8277 ||| FLEEEEING.
  8278 | D:8      | 8278 ||| FLEEEEING.
  8279 | D:8      | 8279 ||| FLEEEEING.
  8281 | D:8      | 8281 ||| FLEEEEING.
  8282 | D:8      | 8282 ||| STAIRDANCE
  8354 | D:7      | 8354 ||| DROPPING ring of magical power.
  8362 | D:8      | 8362 ||| INVOKING Berserk.
  8365 | D:8      | Reached XP level 10. HP: 67/88 MP: 9/9
  8370 | D:8      | 8370 ||| STAIRDANCE
  8628 | D:8      | Noticed Psyche
  8629 | D:8      | 8629 ||| INVOKING Berserk.
  8634 | D:8      | Killed Psyche
  8635 | D:8      | Reached skill level 3 in Dodging
  8768 | D:8      | 8768 ||| FLEEEEING.
  8769 | D:8      | 8769 ||| FLEEEEING.
  8770 | D:8      | 8770 ||| FLEEEEING.
  8771 | D:8      | 8771 ||| FLEEEEING.
  8828 | D:8      | 8828 ||| FLEEEEING.
  8829 | D:8      | 8829 ||| FLEEEEING.
  8830 | D:8      | 8830 ||| FLEEEEING.
  8831 | D:8      | 8831 ||| FLEEEEING.
  8832 | D:8      | 8832 ||| FLEEEEING.
  8833 | D:8      | 8833 ||| FLEEEEING.
  8836 | D:8      | 8836 ||| FLEEEEING.
  8837 | D:8      | 8837 ||| FLEEEEING.
  8838 | D:8      | 8838 ||| FLEEEEING.
  8839 | D:8      | 8839 ||| FLEEEEING.
  8841 | D:8      | 8841 ||| FLEEEEING.
  8842 | D:8      | 8842 ||| FLEEEEING.
  8846 | D:8      | 8846 ||| FLEEEEING.
  8847 | D:8      | 8847 ||| FLEEEEING.
  8899 | D:8      | 8899 ||| FLEEEEING.
  8900 | D:8      | 8900 ||| FLEEEEING.
  8901 | D:8      | 8901 ||| FLEEEEING.
  8902 | D:8      | 8902 ||| FLEEEEING.
  8903 | D:8      | 8903 ||| FLEEEEING.
  8904 | D:8      | 8904 ||| STAIRDANCE
  9015 | D:8      | 9015 ||| Stepping ~*~*~tactically~*~*~ (hiding).
  9291 | D:8      | 9291 ||| Stepping ~*~*~tactically~*~*~ (stealth).
  9539 | D:9      | Noticed a two-headed ogre
  9541 | D:9      | 9541 ||| INVOKING Berserk.
  9545 | D:9      | Killed a two-headed ogre
  9546 | D:9      | Reached skill level 15 in Axes
  9658 | D:9      | 9658 ||| Stepping ~*~*~tactically~*~*~ (stealth).
  9690 | D:9      | 9690 ||| Stepping ~*~*~tactically~*~*~ (hiding).
  9692 | D:9      | 9692 ||| Stepping ~*~*~tactically~*~*~ (hiding).
  9735 | D:9      | 9735 ||| INVOKING Berserk.
  9895 | D:9      | Reached *** piety under Trog
  9896 | D:9      | Reached skill level 9 in Fighting
 10029 | D:9      | Reached skill level 1 in Throwing
 10058 | D:9      | 10058 ||| Stepping ~*~*~tactically~*~*~ (stealth).
 10097 | D:9      | 10097 ||| Stepping ~*~*~tactically~*~*~ (stealth).
 10099 | D:9      | 10099 ||| Stepping ~*~*~tactically~*~*~ (stealth).
 10123 | D:9      | 10123 ||| FLEEEEING.
 10124 | D:9      | 10124 ||| FLEEEEING.
 10125 | D:9      | 10125 ||| FLEEEEING.
 10126 | D:9      | 10126 ||| FLEEEEING.
 10127 | D:9      | 10127 ||| FLEEEEING.
 10129 | D:9      | 10129 ||| FLEEEEING.
 10130 | D:9      | 10130 ||| FLEEEEING.
 10131 | D:9      | 10131 ||| FLEEEEING.
 10132 | D:9      | 10132 ||| FLEEEEING.
 10133 | D:9      | 10133 ||| FLEEEEING.
 10134 | D:9      | 10134 ||| FLEEEEING.
 10135 | D:9      | 10135 ||| FLEEEEING.
 10136 | D:9      | 10136 ||| FLEEEEING.
 10137 | D:9      | 10137 ||| STAIRDANCE
 10186 | D:8      | 10186 ||| UPGRADING to +6 ring of dexterity.
 10188 | D:8      | 10188 ||| READING 3 scrolls of identify.
 10188 | D:8      | 10188 ||| IDENTIFYING fuming silvery potion
 10189 | D:8      | 10189 ||| READING 2 scrolls of identify.
 10189 | D:8      | 10189 ||| IDENTIFYING metallic grey potion
 10190 | D:8      | 10190 ||| DROPPING potion of attraction.
 10191 | D:8      | 10191 ||| DROPPING potion of brilliance.
 10194 | D:9      | 10194 ||| STAIRDANCE
 10234 | D:8      | 10234 ||| DROPPING +2 flail of holy wrath.
 10277 | D:9      | Noticed a manticore
 10282 | D:9      | 10282 ||| INVOKING Berserk.
 10286 | D:9      | Killed a manticore
 10294 | D:9      | Reached skill level 9 in Armour
 10473 | D:9      | 10473 ||| UPGRADING to +0 buckler.
 10478 | D:9      | 10478 ||| READING 2 scrolls of identify.
 10478 | D:9      | 10478 ||| IDENTIFYING orange potion
 10492 | D:10     | Entered Level 10 of the Dungeon
 10502 | D:10     | Reached skill level 1 in Shields
 10558 | D:10     | 10558 ||| Stepping ~*~*~tactically~*~*~ (stealth).
 10564 | D:10     | 10564 ||| Stepping ~*~*~tactically~*~*~ (stealth).
 10572 | D:10     | Reached skill level 2 in Shields
 10575 | D:10     | Reached skill level 3 in Shields
 10575 | D:10     | Reached XP level 11. HP: 78/97 MP: 10/10
 10575 | D:10     | 10575 ||| FLEEEEING.
 10576 | D:10     | 10576 ||| FLEEEEING.
 10577 | D:10     | 10577 ||| FLEEEEING.
 10578 | D:10     | 10578 ||| FLEEEEING.
 10579 | D:10     | 10579 ||| FLEEEEING.
 10580 | D:10     | 10580 ||| FLEEEEING.
 10581 | D:10     | 10581 ||| FLEEEEING.
 10582 | D:10     | 10582 ||| FLEEEEING.
 10583 | D:10     | 10583 ||| FLEEEEING.
 10584 | D:10     | 10584 ||| STAIRDANCE
 10656 | D:10     | 10656 ||| STAIRDANCE
 10770 | D:10     | Reached skill level 4 in Shields
 10776 | D:10     | 10776 ||| Stepping ~*~*~tactically~*~*~ (stealth).
 10787 | D:10     | Reached skill level 5 in Shields
 10930 | D:10     | 10930 ||| Stepping ~*~*~tactically~*~*~ (stealth).
 10990 | D:10     | 10990 ||| Stepping ~*~*~tactically~*~*~ (hiding).
 10995 | D:10     | 10995 ||| INVOKING Berserk.
 11254 | D:10     | 11254 ||| Stepping ~*~*~tactically~*~*~ (hiding).
 11261 | D:10     | 11261 ||| INVOKING Berserk.
 11269 | D:10     | Noticed Erica
 11270 | D:10     | Noticed Nergalle
 11272 | D:10     | Noticed Harold
 11277 | D:10     | Killed Erica
 11281 | D:10     | 11281 ||| DRINKING 3 potions of curing.
 11281 | D:10     | 11281 ||| (to cure confusion)
 11294 | D:10     | Killed Nergalle
 11303 | D:10     | Killed Harold
 11304 | D:10     | Reached skill level 6 in Shields
 11475 | D:10     | Found an iron altar of Okawaru.
 11741 | D:10     | 11741 ||| INVOKING Berserk.
 11850 | D:10     | 11850 ||| DROPPING amulet of regeneration.
 11851 | D:10     | 11851 ||| UPGRADING to amulet of reflection.
 11861 | D:10     | 11861 ||| DROPPING amulet of the acrobat.
 11862 | D:10     | 11862 ||| READING scroll labelled ACZOCWYBIU.
 11926 | D:11     | 11926 ||| Stepping ~*~*~tactically~*~*~ (stealth).
 11935 | D:11     | Noticed Lodul
 11938 | D:11     | 11938 ||| INVOKING Berserk.
 11946 | D:11     | Killed Lodul
 11947 | D:11     | Reached **** piety under Trog
 12139 | D:11     | 12139 ||| Stepping ~*~*~tactically~*~*~ (stealth).
 12161 | D:11     | Reached skill level 7 in Shields
 12166 | D:11     | 12166 ||| INVOKING Berserk.
 12180 | D:11     | HP: 25/102 [centaur/arrow (10)]
 12181 | D:11     | 12181 ||| READING 3 scrolls of teleportation.
 12182 | D:11     | 12182 ||| DRINKING 2 potions of heal wounds.
 12183 | D:11     | 12183 ||| FLEEEEING.
 12184 | D:11     | 12184 ||| FLEEEEING.
 12185 | D:11     | 12185 ||| FLEEEEING.
 12186 | D:11     | 12186 ||| FLEEEEING.
 12187 | D:11     | 12187 ||| STAIRDANCE
 12368 | D:10     | 12368 ||| READING scroll labelled UHOUMA OQAHUU.
 12553 | D:10     | 12553 ||| READING 2 scrolls of identify.
 12553 | D:10     | 12553 ||| IDENTIFYING green potion
 12562 | D:11     | Found a staircase to the Orcish Mines.
 12565 | D:11     | 12565 ||| INVOKING Berserk.
 12648 | D:11     | 12648 ||| Stepping ~*~*~tactically~*~*~ (hiding).
 12650 | D:11     | 12650 ||| Stepping ~*~*~tactically~*~*~ (hiding).
 12652 | D:11     | 12652 ||| Stepping ~*~*~tactically~*~*~ (hiding).
 12850 | D:11     | 12850 ||| Stepping ~*~*~tactically~*~*~ (hiding).
 12851 | D:11     | 12851 ||| Stepping ~*~*~tactically~*~*~ (hiding).
 12956 | D:11     | Found a staircase to the Lair.
 12958 | D:11     | 12958 ||| Stepping ~*~*~tactically~*~*~ (hiding).
 12964 | D:11     | 12964 ||| INVOKING Berserk.
 12970 | D:11     | Reached XP level 12. HP: 110/110 MP: 11/11
 12977 | D:11     | Reached skill level 3 in Throwing
 13201 | D:11     | Reached ***** piety under Trog
 13210 | D:11     | 13210 ||| PLANNING LAIR
 13210 | D:11     | 13210 ||| READING 2 scrolls of identify.
 13210 | D:11     | 13210 ||| IDENTIFYING golden potion
 13251 | Lair:1   | Entered Level 1 of the Lair of Beasts
 13334 | Lair:1   | 13334 ||| INVOKING Berserk.
 13343 | Lair:1   | Reached skill level 6 in Dodging
 13493 | Lair:1   | 13493 ||| READING scroll of brand weapon.
 13493 | Lair:1   | 13493 ||| BRANDING +0 war axe.
 13520 | Lair:1   | 13520 ||| INVOKING Berserk.
 13751 | Lair:1   | 13751 ||| Stepping ~*~*~tactically~*~*~ (stealth).
 13753 | Lair:1   | 13753 ||| Stepping ~*~*~tactically~*~*~ (stealth).
 14308 | Lair:2   | Identified the ring "Hissef" {rN+ MP+9 Dex-4 SInv}
 14659 | Lair:2   | Reached skill level 12 in Fighting
 14669 | Lair:2   | Reached skill level 8 in Shields
 14874 | Lair:2   | Noticed a death yak
 14874 | Lair:2   | Noticed a death yak
 14875 | Lair:2   | 14875 ||| INVOKING Brothers in Arms.
 14875 | Lair:2   | Noticed a death yak
 14876 | Lair:2   | 14876 ||| INVOKING Berserk.
 14882 | Lair:2   | Killed a death yak
 14891 | Lair:2   | Killed a death yak
 14892 | Lair:2   | Reached skill level 12 in Armour
 14895 | Lair:2   | Noticed a death yak
 14896 | Lair:2   | Killed a death yak
 14910 | Lair:2   | Killed a death yak
 15134 | Lair:2   | 15134 ||| Stepping ~*~*~tactically~*~*~ (stealth).
 15136 | Lair:2   | 15136 ||| DRINKING potion of resistance.
 15166 | Lair:2   | Reached XP level 13. HP: 122/122 MP: 12/12
 15180 | Lair:2   | Found a staircase to the Swamp.
 15533 | Lair:2   | 15533 ||| READING 3 scrolls of identify.
 15533 | Lair:2   | 15533 ||| IDENTIFYING fizzy white potion
 15534 | Lair:2   | 15534 ||| DROPPING potion of invisibility.
 15555 | Lair:3   | 15555 ||| STAIRDANCE
 15591 | Lair:3   | 15591 ||| Stepping ~*~*~tactically~*~*~ (hiding).
 15609 | Lair:3   | 15609 ||| INVOKING Berserk.
 15615 | Lair:3   | Found a staircase to the Snake Pit.
 15619 | Lair:3   | 15619 ||| FLEEEEING.
 15620 | Lair:3   | 15620 ||| FLEEEEING.
 15621 | Lair:3   | 15621 ||| FLEEEEING.
 15622 | Lair:3   | 15622 ||| FLEEEEING.
 15623 | Lair:3   | 15623 ||| FLEEEEING.
 15825 | Lair:3   | 15825 ||| SWAPPING to +1 vampiric war axe.
 15826 | Lair:3   | 15826 ||| DROPPING +0 war axe of chaos.
 15837 | Lair:3   | 15837 ||| Stepping ~*~*~tactically~*~*~ (stealth).
 15839 | Lair:3   | 15839 ||| Stepping ~*~*~tactically~*~*~ (stealth).
 15840 | Lair:3   | 15840 ||| INVOKING Brothers in Arms.
 15842 | Lair:3   | 15842 ||| INVOKING Berserk.
 15858 | Lair:3   | Reached skill level 6 in Throwing
 16182 | Lair:3   | 16182 ||| Stepping ~*~*~tactically~*~*~ (stealth).
 16184 | Lair:3   | 16184 ||| Stepping ~*~*~tactically~*~*~ (hiding).
 16671 | Lair:3   | 16671 ||| INVOKING Brothers in Arms.
 16672 | Lair:3   | 16672 ||| INVOKING Brothers in Arms.
 16673 | Lair:3   | 16673 ||| INVOKING Brothers in Arms.
 16674 | Lair:3   | 16674 ||| Stepping ~*~*~tactically~*~*~ (cloud).
 16675 | Lair:3   | 16675 ||| INVOKING Brothers in Arms.
 16676 | Lair:3   | 16676 ||| SWAPPING to +3 flail.
 16677 | Lair:3   | 16677 ||| INVOKING Berserk.
 16696 | Lair:3   | 16696 ||| SWAPPING to +1 vampiric war axe.
 16701 | Lair:3   | HP: 30/122 [komodo dragon (11)]
 16702 | Lair:3   | 16702 ||| READING 2 scrolls of teleportation.
 16702 | Lair:3   | HP: 4/122 [komodo dragon (23)]
 16703 | Lair:3   | 16703 ||| DRINKING 2 potions of heal wounds.
 17026 | Lair:3   | Reached skill level 9 in Shields
 17035 | Lair:3   | 17035 ||| Stepping ~*~*~tactically~*~*~ (stealth).
 17042 | Lair:3   | 17042 ||| Stepping ~*~*~tactically~*~*~ (stealth).
 17043 | Lair:3   | 17043 ||| Stepping ~*~*~tactically~*~*~ (stealth).
 17045 | Lair:3   | 17045 ||| Stepping ~*~*~tactically~*~*~ (stealth).
 17046 | Lair:3   | 17046 ||| Stepping ~*~*~tactically~*~*~ (stealth).
 17087 | Lair:3   | 17087 ||| READING scroll of enchant armour.
 17087 | Lair:3   | 17087 ||| ENCHANTING +1 pair of gloves.
 17090 | Lair:3   | 17090 ||| Stepping ~*~*~tactically~*~*~ (hiding).
 17152 | Lair:3   | 17152 ||| Stepping ~*~*~tactically~*~*~ (stealth).
 17157 | Lair:3   | 17157 ||| Stepping ~*~*~tactically~*~*~ (stealth).
 17165 | Lair:3   | 17165 ||| Stepping ~*~*~tactically~*~*~ (stealth).
 17402 | Lair:3   | 17402 ||| INVOKING Berserk.
 17431 | Lair:3   | 17431 ||| Stepping ~*~*~tactically~*~*~ (stealth).
 17438 | Lair:3   | 17438 ||| Stepping ~*~*~tactically~*~*~ (stealth).
 17440 | Lair:3   | 17440 ||| INVOKING Berserk.
 17480 | Lair:3   | 17480 ||| Stepping ~*~*~tactically~*~*~ (stealth).
 17481 | Lair:3   | 17481 ||| Stepping ~*~*~tactically~*~*~ (stealth).
 17485 | Lair:3   | 17485 ||| INVOKING Berserk.
 17745 | Lair:3   | 17745 ||| INVOKING Berserk.
 18162 | Lair:3   | 18162 ||| READING 2 scrolls of identify.
 18162 | Lair:3   | 18162 ||| IDENTIFYING fizzy purple potion
 18253 | Lair:4   | 18253 ||| Stepping ~*~*~tactically~*~*~ (stealth).
 18257 | Lair:4   | 18257 ||| INVOKING Berserk.
 18349 | Lair:4   | 18349 ||| Stepping ~*~*~tactically~*~*~ (stealth).
 18357 | Lair:4   | 18357 ||| Stepping ~*~*~tactically~*~*~ (stealth).
 18361 | Lair:4   | Found a staircase to the Slime Pits.
 18365 | Lair:4   | 18365 ||| Stepping ~*~*~tactically~*~*~ (stealth).
 18369 | Lair:4   | 18369 ||| Stepping ~*~*~tactically~*~*~ (stealth).
 18370 | Lair:4   | 18370 ||| Stepping ~*~*~tactically~*~*~ (stealth).
 18377 | Lair:4   | 18377 ||| Stepping ~*~*~tactically~*~*~ (stealth).
 18381 | Lair:4   | 18381 ||| Stepping ~*~*~tactically~*~*~ (stealth).
 18386 | Lair:4   | 18386 ||| READING scroll of enchant weapon.
 18386 | Lair:4   | 18386 ||| ENCHANTING +1 vampiric war axe.
 18390 | Lair:4   | 18390 ||| Stepping ~*~*~tactically~*~*~ (stealth).
 18401 | Lair:4   | 18401 ||| Stepping ~*~*~tactically~*~*~ (stealth).
 18485 | Lair:4   | 18485 ||| INVOKING Brothers in Arms.
 18487 | Lair:4   | 18487 ||| SWAPPING to +3 flail.
 18488 | Lair:4   | 18488 ||| INVOKING Berserk.
 18510 | Lair:4   | 18510 ||| SWAPPING to +2 vampiric war axe.
 18747 | Lair:4   | 18747 ||| Stepping ~*~*~tactically~*~*~ (stealth).
 18851 | Lair:4   | 18851 ||| DRINKING potion of cancellation.
 19239 | Lair:5   | Entered Level 5 of the Lair of Beasts
 19247 | Lair:5   | 19247 ||| INVOKING Berserk.
 19270 | Lair:5   | 19270 ||| FLEEEEING.
 19271 | Lair:5   | 19271 ||| FLEEEEING.
 19272 | Lair:5   | 19272 ||| STAIRDANCE
 19388 | Lair:5   | 19388 ||| STAIRDANCE
 19418 | Lair:5   | 19418 ||| Stepping ~*~*~tactically~*~*~ (stealth).
 19447 | Lair:5   | 19447 ||| INVOKING Berserk.
 19564 | Lair:5   | Noticed Urug
 19572 | Lair:5   | 19572 ||| INVOKING Berserk.
 19577 | Lair:5   | Killed Urug
 19799 | Lair:5   | 19799 ||| INVOKING Berserk.
 19993 | Lair:5   | Found the +6 Majin-Bo {vamp, MP+6 Int+6}
 20072 | Lair:5   | 20072 ||| INVOKING Berserk.
 20076 | Lair:5   | Reached skill level 15 in Fighting
 20204 | Lair:5   | Reached XP level 14. HP: 135/135 MP: 13/13
 20267 | Lair:5   | 20267 ||| Stepping ~*~*~tactically~*~*~ (stealth).
 20270 | Lair:5   | 20270 ||| Stepping ~*~*~tactically~*~*~ (stealth).
 20480 | Lair:5   | 20480 ||| Stepping ~*~*~tactically~*~*~ (stealth).
 20509 | Lair:5   | Reached skill level 10 in Shields
 20532 | Lair:5   | 20532 ||| Stepping ~*~*~tactically~*~*~ (hiding).
 20535 | Lair:5   | 20535 ||| INVOKING Berserk.
 20553 | Lair:5   | 20553 ||| Stepping ~*~*~tactically~*~*~ (cloud).
 20557 | Lair:5   | 20557 ||| Stepping ~*~*~tactically~*~*~ (cloud).
 20558 | Lair:5   | 20558 ||| Stepping ~*~*~tactically~*~*~ (cloud).
 20560 | Lair:5   | 20560 ||| Stepping ~*~*~tactically~*~*~ (cloud).
 20594 | Lair:5   | 20594 ||| FLEEEEING.
 20645 | Lair:5   | 20645 ||| INVOKING Berserk.
 20656 | Lair:5   | 20656 ||| INVOKING Brothers in Arms.
 20657 | Lair:5   | 20657 ||| INVOKING Brothers in Arms.
 20658 | Lair:5   | 20658 ||| SWAPPING to +3 flail.
 20664 | Lair:5   | Reached skill level 15 in Armour
 20664 | Lair:5   | 20664 ||| SWAPPING to +2 vampiric war axe.
 20936 | Lair:5   | Identified the +5 short sword of Greed {vorpal, MP+9 Dex+4
                  | SInv}
 20937 | Lair:5   | 20937 ||| DROPPING +3 flail.
 21046 | Lair:5   | 21046 ||| PLANNING D
 21344 | D:12     | 21344 ||| Stepping ~*~*~tactically~*~*~ (stealth).
 21345 | D:12     | 21345 ||| INVOKING Trog's Hand.
 21347 | D:12     | 21347 ||| Stepping ~*~*~tactically~*~*~ (hiding).
 21368 | D:12     | 21368 ||| Stepping ~*~*~tactically~*~*~ (hiding).
 21369 | D:12     | 21369 ||| Stepping ~*~*~tactically~*~*~ (hiding).
 21378 | D:12     | 21378 ||| INVOKING Trog's Hand.
 22423 | D:13     | 22423 ||| INVOKING Brothers in Arms.
 22428 | D:13     | 22428 ||| SWAPPING to +3 flail.
 22430 | D:13     | 22430 ||| INVOKING Berserk.
 22440 | D:13     | 22440 ||| SWAPPING to +2 vampiric war axe.
 22447 | D:13     | HP: 33/137 [boulder beetle (14)]
 22448 | D:13     | 22448 ||| READING 4 scrolls of teleportation.
 22449 | D:13     | 22449 ||| DRINKING 2 potions of heal wounds.
 22660 | D:13     | 22660 ||| INVOKING Berserk.
 22765 | D:13     | Found Yddiatog's Antique Weapon Emporium.
 22766 | D:13     | Found a gate to the Vaults.
 22817 | D:13     | 22817 ||| Stepping ~*~*~tactically~*~*~ (stealth).
 22827 | D:13     | Reached skill level 9 in Dodging
 22833 | D:13     | 22833 ||| Stepping ~*~*~tactically~*~*~ (hiding).
 22835 | D:13     | 22835 ||| Stepping ~*~*~tactically~*~*~ (hiding).
 22973 | D:13     | 22973 ||| INVOKING Berserk.
 23134 | D:13     | 23134 ||| DROPPING +3 flail.
 23232 | D:13     | 23232 ||| Stepping ~*~*~tactically~*~*~ (stealth).
 23233 | D:13     | 23233 ||| Stepping ~*~*~tactically~*~*~ (stealth).
 23235 | D:13     | 23235 ||| Stepping ~*~*~tactically~*~*~ (hiding).
 23236 | D:13     | 23236 ||| Stepping ~*~*~tactically~*~*~ (hiding).
 23238 | D:13     | 23238 ||| Stepping ~*~*~tactically~*~*~ (hiding).
 23244 | D:13     | 23244 ||| Stepping ~*~*~tactically~*~*~ (hiding).
 23245 | D:13     | 23245 ||| Stepping ~*~*~tactically~*~*~ (hiding).
 23717 | D:13     | 23717 ||| UPGRADING to ring of poison resistance.
 23719 | D:13     | 23719 ||| UPGRADING to +2 chain mail of fire resistance.
 23729 | D:13     | 23729 ||| UPGRADING to ring "Hissef" {rN+ MP+9 Dex-4 SInv}.
 23731 | D:13     | 23731 ||| UPGRADING to ring "Kuesuve" {Fire Str-2 Int+10
                  | SInv}.
 23733 | D:13     | 23733 ||| UPGRADING to +0 plate armour.
 23743 | D:13     | 23743 ||| DROPPING +6 ring of intelligence.
 23744 | D:13     | 23744 ||| DROPPING ring of flight.
 23766 | D:14     | 23766 ||| STAIRDANCE
 23810 | D:14     | Found Diheo's General Store.
 23814 | D:14     | 23814 ||| FLEEEEING.
 23815 | D:14     | 23815 ||| FLEEEEING.
 23834 | D:14     | 23834 ||| FLEEEEING.
 23835 | D:14     | 23835 ||| FLEEEEING.
 23836 | D:14     | 23836 ||| FLEEEEING.
 23837 | D:14     | 23837 ||| FLEEEEING.
 23838 | D:14     | 23838 ||| FLEEEEING.
 23839 | D:14     | 23839 ||| FLEEEEING.
 23840 | D:14     | 23840 ||| STAIRDANCE
 23979 | D:14     | Noticed Nessos
 23987 | D:14     | Killed Nessos
 24217 | D:14     | 24217 ||| BUYING ring of Reniol {Dex+6 Slay+3 SInv} (717
                  | gold).
 24217 | D:14     | Bought the ring of Reniol {Dex+6 Slay+3 SInv} for 717 gold
                  | pieces
 24217 | D:14     | 24217 ||| BUYING scroll of identify (24 gold).
 24217 | D:14     | Bought a scroll of identify for 24 gold pieces
 24217 | D:14     | 24217 ||| BUYING scroll of identify (24 gold).
 24217 | D:14     | Bought a scroll of identify for 24 gold pieces
 24251 | D:14     | Noticed Louise
 24252 | D:14     | 24252 ||| INVOKING Trog's Hand.
 24253 | D:14     | 24253 ||| INVOKING Berserk.
 24268 | D:14     | 24268 ||| Stepping ~*~*~tactically~*~*~ (hiding).
 24284 | D:14     | 24284 ||| INVOKING Trog's Hand.
 24298 | D:14     | HP: 24/138 [Louise/bolt of lightning (32)]
 24299 | D:14     | 24299 ||| READING 3 scrolls of teleportation.
 24300 | D:14     | 24300 ||| DRINKING 2 potions of heal wounds.
 24303 | D:14     | 24303 ||| READING 2 scrolls of teleportation.
 24303 | D:14     | HP: 26/138 [centaur warrior/arrow (3)]
 24304 | D:14     | 24304 ||| DRINKING potion of heal wounds.
 24598 | D:14     | 24598 ||| Stepping ~*~*~tactically~*~*~ (cloud).
 24600 | D:14     | 24600 ||| INVOKING Berserk.
 24759 | D:14     | 24759 ||| INVOKING Berserk.
 24907 | D:14     | 24907 ||| Stepping ~*~*~tactically~*~*~ (hiding).
 24908 | D:14     | 24908 ||| Stepping ~*~*~tactically~*~*~ (hiding).
 24919 | D:14     | 24919 ||| INVOKING Berserk.
 25331 | D:14     | 25331 ||| Stepping ~*~*~tactically~*~*~ (stealth).
 25332 | D:14     | 25332 ||| INVOKING Trog's Hand.
 25335 | D:14     | 25335 ||| INVOKING Berserk.
 25345 | D:14     | Killed Louise
 25540 | D:14     | 25540 ||| UPGRADING to +0 tower shield.
 25550 | D:14     | 25550 ||| DROPPING +0 buckler.
 25551 | D:14     | 25551 ||| UPGRADING to ring of Reniol {Dex+6 Slay+3 SInv}.
 25553 | D:14     | 25553 ||| UPGRADING to +1 chain mail of poison resistance.
 25563 | D:14     | 25563 ||| UPGRADING to ring of protection from fire.
 25678 | D:15     | Entered Level 15 of the Dungeon
 25883 | D:15     | Noticed Rupert
 25884 | D:15     | 25884 ||| INVOKING Trog's Hand.
 25886 | D:15     | 25886 ||| INVOKING Berserk.
 25897 | D:15     | Killed Rupert
 26167 | D:15     | 26167 ||| Stepping ~*~*~tactically~*~*~ (hiding).
 26179 | D:15     | Reached XP level 15. HP: 117/147 MP: 14/14
 26628 | D:15     | Reached skill level 11 in Shields
 26696 | D:15     | 26696 ||| INVOKING Trog's Hand.
 26697 | D:15     | 26697 ||| INVOKING Berserk.
 26720 | D:15     | 26720 ||| Stepping ~*~*~tactically~*~*~ (stealth).
 26721 | D:15     | 26721 ||| Stepping ~*~*~tactically~*~*~ (stealth).
 26722 | D:15     | 26722 ||| INVOKING Trog's Hand.
 26817 | D:15     | Found a staircase to the Depths.
 26878 | D:15     | 26878 ||| Stepping ~*~*~tactically~*~*~ (hiding).
 26879 | D:15     | 26879 ||| Stepping ~*~*~tactically~*~*~ (hiding).
 26881 | D:15     | 26881 ||| INVOKING Berserk.
 26894 | D:15     | Reached skill level 12 in Shields
 27094 | D:15     | 27094 ||| PLANNING ORC
 27094 | D:15     | 27094 ||| DROPPING ring of fire.
 27095 | D:15     | 27095 ||| DROPPING ring of willpower.
 27206 | Orc:1    | Entered Level 1 of the Orcish Mines
 27206 | Orc:1    | Found Vanuy's Antique Weapon Shoppe.
 27224 | Orc:1    | 27224 ||| BUYING jewelled flail (297 gold).
 27224 | Orc:1    | Bought a jewelled flail for 297 gold pieces
 27224 | Orc:1    | Identified the +8 flail of Mourning {vorpal, rN++ Str-4
                  | SInv} (You bought it in a shop on level 1 of the Orcish
                  | Mines)
 27224 | Orc:1    | 27224 ||| DROPPING +8 flail of Mourning {vorpal, rN++ Str-4
                  | SInv}.
 27230 | Orc:1    | Found Eruufog's General Store.
 27239 | Orc:1    | 27239 ||| BUYING potion of heal wounds (70 gold).
 27239 | Orc:1    | Bought a potion of heal wounds for 70 gold pieces
 27239 | Orc:1    | 27239 ||| INVOKING Berserk.
 27353 | Orc:1    | Noticed Snorg
 27361 | Orc:1    | Killed Snorg
 27364 | Orc:1    | Found Pasefox's Book Boutique.
 27365 | Orc:1    | 27365 ||| Stepping ~*~*~tactically~*~*~ (stealth).
 27367 | Orc:1    | 27367 ||| Stepping ~*~*~tactically~*~*~ (stealth).
 27373 | Orc:1    | 27373 ||| INVOKING Berserk.
 27670 | Orc:2    | Entered Level 2 of the Orcish Mines
 27675 | Orc:2    | 27675 ||| Stepping ~*~*~tactically~*~*~ (stealth).
 27678 | Orc:2    | 27678 ||| Stepping ~*~*~tactically~*~*~ (hiding).
 27683 | Orc:2    | 27683 ||| INVOKING Berserk.
 27810 | Orc:2    | Found a staircase to the Elven Halls.
 27853 | Orc:2    | 27853 ||| Stepping ~*~*~tactically~*~*~ (stealth).
 27855 | Orc:2    | 27855 ||| Stepping ~*~*~tactically~*~*~ (hiding).
 27856 | Orc:2    | 27856 ||| Stepping ~*~*~tactically~*~*~ (hiding).
 28128 | Orc:2    | Reached skill level 13 in Shields
 28139 | Orc:2    | 28139 ||| DRINKING 7 potions of curing.
 28139 | Orc:2    | 28139 ||| (to cure confusion)
 28211 | Orc:2    | 28211 ||| Stepping ~*~*~tactically~*~*~ (hiding).
 28218 | Orc:2    | 28218 ||| INVOKING Berserk.
 28234 | Orc:2    | 28234 ||| Stepping ~*~*~tactically~*~*~ (hiding).
 28235 | Orc:2    | 28235 ||| Stepping ~*~*~tactically~*~*~ (hiding).
 28512 | Orc:2    | 28512 ||| Stepping ~*~*~tactically~*~*~ (hiding).
 28513 | Orc:2    | 28513 ||| Stepping ~*~*~tactically~*~*~ (hiding).
 28514 | Orc:2    | 28514 ||| Stepping ~*~*~tactically~*~*~ (hiding).
 28563 | Orc:2    | 28563 ||| INVOKING Berserk.
 28636 | Orc:2    | 28636 ||| Stepping ~*~*~tactically~*~*~ (stealth).
 28637 | Orc:2    | 28637 ||| Stepping ~*~*~tactically~*~*~ (stealth).
 28695 | Orc:2    | 28695 ||| Stepping ~*~*~tactically~*~*~ (hiding).
 28705 | Orc:2    | Found Zefilim's Distillery.
 28705 | Orc:2    | Found Heif Muan's Distillery.
 28707 | Orc:2    | 28707 ||| INVOKING Berserk.
 28719 | Orc:2    | Reached skill level 14 in Shields
 28839 | Orc:2    | 28839 ||| BUYING 2 potions of heal wounds (150 gold).
 28839 | Orc:2    | Bought 2 potions of heal wounds for 150 gold pieces
 28839 | Orc:2    | 28839 ||| BUYING potion of cancellation (120 gold).
 28839 | Orc:2    | Bought a potion of cancellation for 120 gold pieces
 28839 | Orc:2    | 28839 ||| BUYING potion of curing (45 gold).
 28839 | Orc:2    | Bought a potion of curing for 45 gold pieces
 28839 | Orc:2    | 28839 ||| BUYING potion of haste (150 gold).
 28839 | Orc:2    | Bought a potion of haste for 150 gold pieces
 28839 | Orc:2    | 28839 ||| BUYING potion of haste (150 gold).
 28839 | Orc:2    | Bought a potion of haste for 150 gold pieces
 28839 | Orc:2    | 28839 ||| BUYING potion of might (60 gold).
 28839 | Orc:2    | Bought a potion of might for 60 gold pieces
 28848 | Orc:2    | 28848 ||| BUYING 2 potions of haste (320 gold).
 28848 | Orc:2    | Bought 2 potions of haste for 320 gold pieces
 28848 | Orc:2    | 28848 ||| BUYING potion of cancellation (128 gold).
 28848 | Orc:2    | Bought a potion of cancellation for 128 gold pieces
 28848 | Orc:2    | 28848 ||| SHOPLISTING potion of curing (48 gold, have 38).
 28848 | Orc:2    | 28848 ||| SHOPLISTING potion of heal wounds (80 gold, have
                  | 38).
 28848 | Orc:2    | 28848 ||| SHOPLISTING potion of mutation (128 gold, have
                  | 38).
 28872 | Orc:2    | 28872 ||| INVOKING Berserk.
 28944 | Orc:2    | 28944 ||| Stepping ~*~*~tactically~*~*~ (stealth).
 28945 | Orc:2    | 28945 ||| Stepping ~*~*~tactically~*~*~ (stealth).
 29067 | Orc:2    | Found Julan's Antique Armour Emporium.
 29068 | Orc:2    | 29068 ||| Stepping ~*~*~tactically~*~*~ (stealth).
 29071 | Orc:2    | 29071 ||| INVOKING Berserk.
 29223 | Orc:2    | 29223 ||| SHOPLISTING shiny chain mail (202 gold, have 71).
 29227 | Orc:2    | Found Xemol's Jewellery Boutique.
 29228 | Orc:2    | 29228 ||| Stepping ~*~*~tactically~*~*~ (hiding).
 29257 | Orc:2    | 29257 ||| SHOPLISTING +4 ring of protection (576 gold, have
                  | 71).
 29257 | Orc:2    | 29257 ||| SHOPLISTING ring of protection from cold (400
                  | gold, have 71).
 29669 | Orc:1    | 29669 ||| PLANNING SNAKE:1-3
 29809 | Snake:1  | Entered Level 1 of the Snake Pit
 29827 | Snake:1  | 29827 ||| Stepping ~*~*~tactically~*~*~ (hiding).
 29830 | Snake:1  | 29830 ||| INVOKING Berserk.
 29836 | Snake:1  | Received a gift from Trog
 29856 | Snake:1  | 29856 ||| INVOKING Brothers in Arms.
 29930 | Snake:1  | 29930 ||| DROPPING +0 morningstar.
 29982 | Snake:1  | Reached skill level 15 in Shields
 29987 | Snake:1  | 29987 ||| Stepping ~*~*~tactically~*~*~ (stealth).
 29989 | Snake:1  | 29989 ||| Stepping ~*~*~tactically~*~*~ (stealth).
 29991 | Snake:1  | 29991 ||| Stepping ~*~*~tactically~*~*~ (hiding).
 30012 | Snake:1  | 30012 ||| INVOKING Berserk.
 30273 | Snake:1  | 30273 ||| READING scroll of enchant weapon.
 30273 | Snake:1  | 30273 ||| ENCHANTING +2 vampiric war axe.
 30290 | Snake:1  | You fall into a shaft and drop 1 floor!
 30300 | Snake:2  | 30300 ||| Stepping ~*~*~tactically~*~*~ (hiding).
 30301 | Snake:2  | 30301 ||| Stepping ~*~*~tactically~*~*~ (hiding).
 30350 | Snake:2  | 30350 ||| INVOKING Berserk.
 30366 | Snake:2  | Reached skill level 16 in Shields
 30593 | Snake:1  | 30593 ||| Stepping ~*~*~tactically~*~*~ (hiding).
 30979 | Snake:1  | 30979 ||| INVOKING Berserk.
 31280 | Snake:1  | Found Cyfaz's Antique Weapon Shop.
 31372 | Snake:1  | 31372 ||| INVOKING Berserk.
 31567 | Snake:1  | Noticed Jorgrun
 31568 | Snake:1  | 31568 ||| Stepping ~*~*~tactically~*~*~ (hiding).
 31578 | Snake:1  | 31578 ||| INVOKING Berserk.
 31589 | Snake:1  | Killed Jorgrun
 31966 | Snake:1  | 31966 ||| Stepping ~*~*~tactically~*~*~ (hiding).
 31968 | Snake:1  | 31968 ||| Stepping ~*~*~tactically~*~*~ (hiding).
 32386 | Snake:1  | 32386 ||| UPGRADING to +1 tower shield of protection.
 32396 | Snake:1  | 32396 ||| DROPPING +0 tower shield.
 32441 | Snake:2  | 32441 ||| Stepping ~*~*~tactically~*~*~ (hiding).
 32444 | Snake:2  | 32444 ||| INVOKING Berserk.
 32446 | Snake:2  | Reached skill level 17 in Shields
 32567 | Snake:2  | 32567 ||| Stepping ~*~*~tactically~*~*~ (hiding).
 32570 | Snake:2  | 32570 ||| Stepping ~*~*~tactically~*~*~ (hiding).
 32571 | Snake:2  | 32571 ||| Stepping ~*~*~tactically~*~*~ (hiding).
 32573 | Snake:2  | 32573 ||| Stepping ~*~*~tactically~*~*~ (hiding).
 32579 | Snake:2  | 32579 ||| INVOKING Berserk.
 32589 | Snake:2  | Reached XP level 16. HP: 155/155 MP: 15/15
 32780 | Snake:2  | 32780 ||| Stepping ~*~*~tactically~*~*~ (hiding).
 32944 | Snake:2  | Found a runed translucent gate.
 32944 | Snake:2  | Found a runed translucent gate.
 32945 | Snake:2  | Found a runed translucent gate.
 32945 | Snake:2  | Noticed qw's ghost (adept MiBe)
 33114 | Snake:2  | 33114 ||| INVOKING Berserk.
 33209 | Snake:2  | 33209 ||| INVOKING Berserk.
 33306 | Snake:2  | 33306 ||| READING 3 scrolls of enchant weapon.
 33306 | Snake:2  | 33306 ||| ENCHANTING +3 vampiric war axe.
 33307 | Snake:2  | 33307 ||| READING 2 scrolls of enchant weapon.
 33307 | Snake:2  | 33307 ||| ENCHANTING +4 vampiric war axe.
 33308 | Snake:2  | 33308 ||| READING scroll of enchant weapon.
 33308 | Snake:2  | 33308 ||| ENCHANTING +5 vampiric war axe.
 33614 | Snake:3  | 33614 ||| Stepping ~*~*~tactically~*~*~ (hiding).
 33669 | Snake:3  | 33669 ||| Stepping ~*~*~tactically~*~*~ (hiding).
 33670 | Snake:3  | 33670 ||| Stepping ~*~*~tactically~*~*~ (hiding).
 33744 | Snake:3  | Reached skill level 18 in Shields
 33786 | Snake:3  | 33786 ||| Stepping ~*~*~tactically~*~*~ (hiding).
 33793 | Snake:3  | 33793 ||| INVOKING Berserk.
 33813 | Snake:3  | 33813 ||| Stepping ~*~*~tactically~*~*~ (stealth).
 33832 | Snake:3  | 33832 ||| Stepping ~*~*~tactically~*~*~ (stealth).
 33966 | Snake:3  | 33966 ||| Stepping ~*~*~tactically~*~*~ (stealth).
 33984 | Snake:3  | 33984 ||| INVOKING Berserk.
 34501 | Snake:3  | 34501 ||| Stepping ~*~*~tactically~*~*~ (hiding).
 34566 | Snake:3  | 34566 ||| Stepping ~*~*~tactically~*~*~ (stealth).
 34567 | Snake:3  | 34567 ||| Stepping ~*~*~tactically~*~*~ (stealth).
 34573 | Snake:3  | Reached skill level 9 in Throwing
 34689 | Snake:3  | 34689 ||| Stepping ~*~*~tactically~*~*~ (stealth).
 34691 | Snake:3  | 34691 ||| Stepping ~*~*~tactically~*~*~ (hiding).
 34693 | Snake:3  | 34693 ||| Stepping ~*~*~tactically~*~*~ (hiding).
 34716 | Snake:3  | 34716 ||| INVOKING Berserk.
 34738 | Snake:3  | 34738 ||| INVOKING Brothers in Arms.
 34748 | Snake:3  | 34748 ||| INVOKING Brothers in Arms.
 34750 | Snake:3  | HP: 34/155 [nagaraja/+0 whip (15)]
 34751 | Snake:3  | 34751 ||| READING 3 scrolls of teleportation.
 34752 | Snake:3  | 34752 ||| DRINKING 3 potions of heal wounds.
 34753 | Snake:3  | 34753 ||| INVOKING Brothers in Arms.
 35155 | Snake:3  | Reached skill level 19 in Shields
 35156 | Snake:3  | 35156 ||| INVOKING Berserk.
 35173 | Snake:3  | 35173 ||| INVOKING Brothers in Arms.
 35178 | Snake:3  | 35178 ||| INVOKING Brothers in Arms.
 35772 | Snake:3  | 35772 ||| PLANNING SWAMP:1-3
 35903 | Swamp:1  | Entered Level 1 of the Swamp
 35907 | Swamp:1  | 35907 ||| Stepping ~*~*~tactically~*~*~ (hiding).
 35919 | Swamp:1  | 35919 ||| Stepping ~*~*~tactically~*~*~ (hiding).
 35920 | Swamp:1  | 35920 ||| Stepping ~*~*~tactically~*~*~ (hiding).
 35981 | Swamp:1  | 35981 ||| SWAPPING to +3 war axe of flaming.
 35986 | Swamp:1  | 35986 ||| SWAPPING to +6 vampiric war axe.
 36031 | Swamp:1  | 36031 ||| INVOKING Brothers in Arms.
 36031 | Swamp:1  | Noticed Kirke
 36032 | Swamp:1  | 36032 ||| INVOKING Trog's Hand.
 36034 | Swamp:1  | 36034 ||| SWAPPING to +3 war axe of flaming.
 36035 | Swamp:1  | 36035 ||| SWAPPING to +6 vampiric war axe.
 36037 | Swamp:1  | 36037 ||| SWAPPING to +3 war axe of flaming.
 36038 | Swamp:1  | 36038 ||| Stepping ~*~*~tactically~*~*~ (stealth).
 36040 | Swamp:1  | 36040 ||| INVOKING Berserk.
 36055 | Swamp:1  | 36055 ||| SWAPPING to +6 vampiric war axe.
 36056 | Swamp:1  | 36056 ||| Stepping ~*~*~tactically~*~*~ (water).
 36059 | Swamp:1  | 36059 ||| INVOKING Trog's Hand.
 36063 | Swamp:1  | Killed Kirke
 36169 | Swamp:1  | 36169 ||| Stepping ~*~*~tactically~*~*~ (stealth).
 36171 | Swamp:1  | 36171 ||| SWAPPING to +3 war axe of flaming.
 36175 | Swamp:1  | 36175 ||| Stepping ~*~*~tactically~*~*~ (stealth).
 36183 | Swamp:1  | 36183 ||| SWAPPING to +6 vampiric war axe.
 36191 | Swamp:1  | 36191 ||| SWAPPING to +3 war axe of flaming.
 36193 | Swamp:1  | 36193 ||| SWAPPING to +6 vampiric war axe.
 36250 | Swamp:1  | 36250 ||| SWAPPING to +3 war axe of flaming.
 36253 | Swamp:1  | 36253 ||| SWAPPING to +6 vampiric war axe.
 36254 | Swamp:1  | 36254 ||| SWAPPING to +3 war axe of flaming.
 36261 | Swamp:1  | 36261 ||| SWAPPING to +6 vampiric war axe.
 36385 | Swamp:1  | 36385 ||| INVOKING Brothers in Arms.
 36387 | Swamp:1  | 36387 ||| SWAPPING to +3 war axe of flaming.
 36391 | Swamp:1  | 36391 ||| SWAPPING to +6 vampiric war axe.
 36468 | Swamp:1  | Reached XP level 17. HP: 161/161 MP: 16/16
 36537 | Swamp:1  | 36537 ||| Stepping ~*~*~tactically~*~*~ (stealth).
 36541 | Swamp:1  | 36541 ||| SWAPPING to +3 war axe of flaming.
 36544 | Swamp:1  | 36544 ||| SWAPPING to +6 vampiric war axe.
 36545 | Swamp:1  | 36545 ||| SWAPPING to +3 war axe of flaming.
 36546 | Swamp:1  | 36546 ||| SWAPPING to +6 vampiric war axe.
 36547 | Swamp:1  | 36547 ||| SWAPPING to +3 war axe of flaming.
 36548 | Swamp:1  | 36548 ||| SWAPPING to +6 vampiric war axe.
 36551 | Swamp:1  | 36551 ||| SWAPPING to +3 war axe of flaming.
 36552 | Swamp:1  | 36552 ||| SWAPPING to +6 vampiric war axe.
 36553 | Swamp:1  | 36553 ||| SWAPPING to +3 war axe of flaming.
 36554 | Swamp:1  | 36554 ||| SWAPPING to +6 vampiric war axe.
 36555 | Swamp:1  | 36555 ||| SWAPPING to +3 war axe of flaming.
 36558 | Swamp:1  | 36558 ||| Stepping ~*~*~tactically~*~*~ (stealth).
 36561 | Swamp:1  | 36561 ||| SWAPPING to +6 vampiric war axe.
 36563 | Swamp:1  | 36563 ||| SWAPPING to +3 war axe of flaming.
 36565 | Swamp:1  | 36565 ||| Stepping ~*~*~tactically~*~*~ (water).
 36570 | Swamp:1  | 36570 ||| SWAPPING to +6 vampiric war axe.
 36654 | Swamp:1  | Noticed Josephine
 36663 | Swamp:1  | Killed Josephine
 36717 | Swamp:1  | 36717 ||| Stepping ~*~*~tactically~*~*~ (stealth).
 36894 | Swamp:1  | 36894 ||| Stepping ~*~*~tactically~*~*~ (hiding).
 37153 | Swamp:1  | 37153 ||| DROPPING scarf of invisibility.
 37154 | Swamp:1  | 37154 ||| DROPPING ring "Hissef" {rN+ MP+9 Dex-4 SInv}.
 37192 | Swamp:2  | 37192 ||| Stepping ~*~*~tactically~*~*~ (water).
 37205 | Swamp:2  | 37205 ||| READING scroll of enchant armour.
 37205 | Swamp:2  | 37205 ||| ENCHANTING +0 pair of boots.
 37215 | Swamp:2  | 37215 ||| SWAPPING to +3 war axe of flaming.
 37217 | Swamp:2  | 37217 ||| Stepping ~*~*~tactically~*~*~ (water).
 37221 | Swamp:2  | 37221 ||| SWAPPING to +6 vampiric war axe.
 37281 | Swamp:2  | 37281 ||| Stepping ~*~*~tactically~*~*~ (cloud).
 37311 | Swamp:2  | 37311 ||| Stepping ~*~*~tactically~*~*~ (hiding).
 37314 | Swamp:2  | 37314 ||| INVOKING Berserk.
 37319 | Swamp:2  | Reached skill level 18 in Fighting
 37605 | Swamp:2  | 37605 ||| INVOKING Berserk.
 37768 | Swamp:2  | 37768 ||| SWAPPING to +3 war axe of flaming.
 37773 | Swamp:2  | 37773 ||| SWAPPING to +6 vampiric war axe.
 37830 | Swamp:2  | 37830 ||| Stepping ~*~*~tactically~*~*~ (hiding).
 37866 | Swamp:2  | 37866 ||| SWAPPING to +3 war axe of flaming.
 37867 | Swamp:2  | 37867 ||| INVOKING Berserk.
 37885 | Swamp:2  | 37885 ||| SWAPPING to +6 vampiric war axe.
 38007 | Swamp:2  | 38007 ||| Stepping ~*~*~tactically~*~*~ (hiding).
 38010 | Swamp:2  | 38010 ||| INVOKING Berserk.
 38329 | Swamp:3  | Noticed a tentacled monstrosity
 38334 | Swamp:3  | 38334 ||| INVOKING Berserk.
 38337 | Swamp:3  | Killed a tentacled monstrosity
 38484 | Swamp:3  | 38484 ||| INVOKING Berserk.
 38610 | Swamp:3  | 38610 ||| Stepping ~*~*~tactically~*~*~ (water).
 38652 | Swamp:3  | 38652 ||| SWAPPING to +3 war axe of flaming.
 38657 | Swamp:3  | Reached skill level 20 in Shields
 38657 | Swamp:3  | 38657 ||| SWAPPING to +6 vampiric war axe.
 38768 | Swamp:3  | Noticed Donald
 38773 | Swamp:3  | 38773 ||| INVOKING Berserk.
 38778 | Swamp:3  | Killed Donald
 38903 | Swamp:3  | 38903 ||| INVOKING Berserk.
 39044 | Swamp:3  | Noticed a tentacled monstrosity
 39049 | Swamp:3  | 39049 ||| INVOKING Berserk.
 39054 | Swamp:3  | Killed a tentacled monstrosity
 39128 | Swamp:3  | 39128 ||| INVOKING Berserk.
 39242 | Swamp:3  | 39242 ||| Stepping ~*~*~tactically~*~*~ (water).
 39261 | Swamp:3  | 39261 ||| READING scroll of enchant weapon.
 39261 | Swamp:3  | 39261 ||| ENCHANTING +6 vampiric war axe.
 39279 | Swamp:3  | 39279 ||| INVOKING Berserk.
 39452 | Swamp:3  | 39452 ||| FLEEEEING.
 39453 | Swamp:3  | 39453 ||| FLEEEEING.
 39545 | Swamp:3  | 39545 ||| INVOKING Berserk.
 39905 | Swamp:3  | 39905 ||| INVOKING Berserk.
 40063 | Swamp:3  | 40063 ||| PLANNING SNAKE:4
 40292 | Snake:4  | Entered Level 4 of the Snake Pit
 40296 | Snake:4  | 40296 ||| Stepping ~*~*~tactically~*~*~ (hiding).
 40302 | Snake:4  | 40302 ||| INVOKING Berserk.
 40323 | Snake:4  | 40323 ||| FLEEEEING.
 40324 | Snake:4  | 40324 ||| FLEEEEING.
 40330 | Snake:4  | 40330 ||| STAIRDANCE
 40443 | Snake:4  | 40443 ||| Stepping ~*~*~tactically~*~*~ (stealth).
 40459 | Snake:4  | 40459 ||| READING scroll of enchant armour.
 40459 | Snake:4  | 40459 ||| ENCHANTING +1 pair of boots.
 40460 | Snake:4  | 40460 ||| Stepping ~*~*~tactically~*~*~ (hiding).
 40462 | Snake:4  | 40462 ||| Stepping ~*~*~tactically~*~*~ (hiding).
 40576 | Snake:4  | 40576 ||| Stepping ~*~*~tactically~*~*~ (hiding).
 40580 | Snake:4  | 40580 ||| INVOKING Berserk.
 40594 | Snake:4  | Reached skill level 12 in Dodging
 40718 | Snake:4  | Noticed Vashnia
 40722 | Snake:4  | 40722 ||| INVOKING Berserk.
 40746 | Snake:4  | Killed Vashnia
 40845 | Snake:4  | 40845 ||| Stepping ~*~*~tactically~*~*~ (hiding).
 40854 | Snake:4  | 40854 ||| Stepping ~*~*~tactically~*~*~ (hiding).
 40888 | Snake:4  | 40888 ||| INVOKING Berserk.
 41012 | Snake:4  | 41012 ||| Stepping ~*~*~tactically~*~*~ (hiding).
 41014 | Snake:4  | 41014 ||| Stepping ~*~*~tactically~*~*~ (hiding).
 41050 | Snake:4  | 41050 ||| Stepping ~*~*~tactically~*~*~ (hiding).
 41107 | Snake:4  | 41107 ||| Stepping ~*~*~tactically~*~*~ (stealth).
 41364 | Snake:4  | 41364 ||| Stepping ~*~*~tactically~*~*~ (hiding).
 41365 | Snake:4  | 41365 ||| Stepping ~*~*~tactically~*~*~ (hiding).
 41475 | Snake:4  | Identified the +2 leather armour of the Eternal Void {-Tele
                  | rPois rF- rC+++}
 41484 | Snake:4  | 41484 ||| INVOKING Berserk.
 41606 | Snake:4  | 41606 ||| INVOKING Berserk.
 41607 | Snake:4  | Noticed a quicksilver dragon
 41614 | Snake:4  | Noticed a quicksilver dragon
 41624 | Snake:4  | Killed a quicksilver dragon
 41631 | Snake:4  | 41631 ||| INVOKING Brothers in Arms.
 41632 | Snake:4  | Killed a quicksilver dragon
 41633 | Snake:4  | Reached XP level 18. HP: 117/176 MP: 17/17
 41640 | Snake:4  | HP: 31/176 [nagaraja/+0 halberd (17)]
 41641 | Snake:4  | 41641 ||| READING 3 scrolls of teleportation.
 41641 | Snake:4  | HP: 11/176 [nagaraja/+0 halberd (17)]
 41642 | Snake:4  | 41642 ||| DRINKING 4 potions of heal wounds.
 41642 | Snake:4  | Slain by a shock serpent

Levels and vault maps discovered:
D:1:      nicolae_arrival_memento_mori, layout_basic,
          shapermc_ecumenical_altar_rom_forum, minmay_misc_feat_doors
D:2:      layout_rooms, basic_altar, serial_shops, shop
D:3:      layout_loops_corners
D:4:      layout_rooms, lemuel_tele_altar, minmay_misc_feat_room,
          minmay_shop_damaged
D:5:      layout_loops_corners, mainiacjoe_overflow_six_doors_small,
          serial_shops, shop_coins, st_stairs_12, uniq_pikel,
          uniq_blork_the_orc, uniq_edmund
D:6:      layout_basic, old_standard_altar, trog_antimagical,
          minmay_temple_entry_ruins, nicolae_ossuary_entry_giza, uniq_maggie,
          uniq_crazy_yiuf_cottage, uniq_grinder
D:7:      layout_basic, mainiacjoe_overflow_chevrons
D:8:      layout_loops_corners, uniq_psyche
D:9:      layout_roguey, serial_corexii_hall, corexii_hall_statues_t,
          chequers_hall_statues_y, minmay_checkerbox
D:10:     layout_basic, amcnicky_altar_gilded, uniq_nergalle, uniq_erica,
          uniq_harold
D:11:     layout_rooms, erik_lair_orcish_takeover, david_orc_3, uniq_lodul
D:12:     layout_stronghold
D:13:     minmay_the_grid_four_pointed_star_mashed
          [minmay_the_grid_triangle_9x9_cache,
          minmay_the_grid_triangle_9x9_negative_grid,
          minmay_the_grid_triangle_9x9_descending_squares,
          minmay_the_grid_triangle_9x9_impossible_snake,
          minmay_the_grid_prize_trominoes], layout_small_grid, serial_shops,
          shop_statue
D:14:     layout_long_grid, kennysheep_cross_room, serial_shops,
          nicolae_stop_n_shop_2, chequers_serial_rivers_small_a, uniq_nessos,
          uniq_louise
D:15:     grunt_enter_depths_magical_seal, layout_grid_maze,
          corexii_corridor_pit, chequers_garden, st_stairs_8, uniq_rupert
Lair:1:   layout_loops_ring
Lair:2:   layout_cave_pods, minmay_swamp_entry_reptiles,
          nicolae_quartered_pool_impasse
Lair:3:   nzn_winding_woodlands_cross [nzn_winding_woodlands_5x15_twine,
          nzn_winding_woodlands_5x15_default,
          nzn_winding_woodlands_5x15_sidewinder,
          nzn_winding_woodlands_5x15_pathside_ponds,
          nzn_winding_woodlands_15x15_thick_spiral], layout_layer_cave,
          minmay_snake_entry_guardpost_small, kennysheep_abandoned_house
Lair:4:   layout_loops_ring, minmay_slime_entry_jelly_boxes, st_stairs_13,
          minivault_11, wad_woods_road_05
Lair:5:   grunt_lair_end_beastmaster, layout_gridlike, uniq_urug
Swamp:1:  layout_falls_marsh, evilmike_swamp_ruin_house_4, swamp_pool2,
          st_swamp_ruins_2, uniq_kirke, uniq_josephine
Swamp:2:  layout_basic_swamp, evilmike_swamp_ruin_house_2
Swamp:3:  nicolae_swamp_phyte_club, layout_basic_swamp,
          infiniplex_staircase_pool_2, swamp_pool5, uniq_donald
Snake:1:  layout_layer_cave, serial_shops, shop, grunt_megastairs_2,
          uniq_jorgrun
Snake:2:  dpeg_oklob_gauntlet, layout_misc_corridors, ebering_ghost_rock_garden,
          nicolae_elevator_lobby_asterisk
Snake:3:  nicolae_cobra_stairs, layout_chambers, nicolae_coiled_stairwell_down
Snake:4:  hellmonk_snake_rune_quicksilver_temple, layout_cave_town,
          nicolae_snake_shapes, uniq_vashnia
Orc:1:    layout_caves, serial_shops, shop_statue, nicolae_shop_crystal, shop,
          uniq_snorg
Orc:2:    st_orc_town, layout_diamond_mine, nicolae_orc_damp_corner

Skill      XL: |  1  2  3  4  5  6  7  8  9 10 11 12 13 14 15 16 17 |
---------------+----------------------------------------------------+-----
Axes           | 4 5 6 7 9 10 12 14 15 16 | 16.2
Fighting       | 4 6 7 8 9 11 13 15 17 19 | 19.2
Armour         | 3 5 7 9 10 12 14 15 16 | 16.0
Dodging        | 5 6 8 9 10 12 | 12.0
Throwing       | 1 2 5 6 7 10 11 | 11.0
Shields        | 3 7 8 9 10 17 19 20 | 20.3

Action                   |  1- 3 |  4- 6 |  7- 9 | 10-12 | 13-15 | 16-18 || total
-------------------------+-------+-------+-------+-------+-------+-------++-------
Melee: Hand axe          |    61 |    36 |    38 |       |       |       ||   135
       Headbutt          |    12 |     7 |    38 |   131 |   322 |   213 ||   723
       Punch             |     1 |     1 |     2 |     2 |       |       ||     6
       War axe           |       |       |   165 |   536 |  1154 |   792 ||  2647
       Unarmed           |       |       |       |     5 |       |       ||     5
       Flail             |       |       |       |       |    24 |       ||    24
Throw: Boomerang         |       |       |       |    22 |    47 |       ||    69
       Javelin           |       |       |       |    30 |   148 |    56 ||   234
Invok: Berserk           |       |     3 |    14 |    14 |    43 |    26 ||   100
       Trog's Hand       |       |       |     1 |       |     8 |     2 ||    11
       Brothers in Arms  |       |       |       |     1 |     7 |     7 ||    15
  Use: Scroll            |    10 |     6 |     6 |     9 |     9 |     8 ||    48
       Potion            |     1 |     1 |     1 |     3 |     6 |     2 ||    14
 Stab: Distracted        |     1 |       |       |       |       |       ||     1
       Confused          |       |       |       |     1 |       |     4 ||     5
       Paralysed         |       |       |       |     1 |       |       ||     1
       Petrified         |       |       |       |       |     8 |       ||     8
       Petrifying        |       |       |       |       |     1 |       ||     1
Armor: Animal skin       |     4 |       |       |       |       |       ||     4
       Leather armour    |     6 |     7 |       |       |       |       ||    13
       Chain mail        |       |     1 |     9 |       |    81 |   238 ||   329
       Plate armour      |       |       |    63 |   204 |   306 |       ||   573
Dodge: Dodged            |    32 |    18 |    50 |   156 |   291 |   170 ||   717
Block: Buckler           |       |       |       |   178 |   327 |       ||   505
       Reflection        |       |       |       |     4 |    60 |   114 ||   178
       Tower shield      |       |       |       |       |   543 |   983 ||  1526

Table legend:
 A = Non-vault XP
 B = Vault XP
 C = Vault XP percentage of total XP
 D = Non-vault monster count
 E = Vault monster count
 F = Vault count percentage of total count
                 A         B        C        D         E       F
            +---------+---------+-------+---------+---------+-------
      Total |  187630 |  104909 |  35.9 |     638 |     274 |  30.0
            +---------+---------+-------+---------+---------+-------
        D:1 |      12 |       0 |   0.0 |       7 |       0 |   0.0
        D:2 |      33 |       0 |   0.0 |       6 |       0 |   0.0
        D:3 |      59 |       0 |   0.0 |      18 |       0 |   0.0
        D:4 |     302 |       0 |   0.0 |      13 |       0 |   0.0
        D:5 |    1095 |     925 |  45.8 |      17 |       4 |  19.0
        D:6 |     810 |    1052 |  56.5 |      19 |       9 |  32.1
        D:7 |     474 |       0 |   0.0 |      15 |       0 |   0.0
        D:8 |    2171 |     391 |  15.3 |      17 |       1 |   5.6
        D:9 |    1954 |    1086 |  35.7 |      23 |       4 |  14.8
       D:10 |    2983 |    2485 |  45.4 |      27 |       3 |  10.0
       D:11 |    4639 |    2476 |  34.8 |      27 |      24 |  47.1
       D:12 |    3205 |       0 |   0.0 |      10 |       0 |   0.0
       D:13 |    4002 |    7420 |  65.0 |      11 |      14 |  56.0
       D:14 |    5768 |    1932 |  25.1 |      10 |       2 |  16.7
       D:15 |    3999 |    7346 |  64.8 |       7 |      13 |  65.0
     Lair:1 |    3832 |       0 |   0.0 |      17 |       0 |   0.0
     Lair:2 |   10990 |     369 |   3.2 |      36 |       4 |  10.0
     Lair:3 |    8285 |    5530 |  40.0 |      22 |      29 |  56.9
     Lair:4 |    3901 |     591 |  13.2 |      16 |      14 |  46.7
     Lair:5 |   11838 |    9256 |  43.9 |      34 |      19 |  35.8
    Swamp:1 |   12389 |    8236 |  39.9 |      24 |      16 |  40.0
    Swamp:2 |    9877 |       0 |   0.0 |      18 |       0 |   0.0
    Swamp:3 |   17604 |    7776 |  30.6 |      31 |      10 |  24.4
    Snake:1 |   13651 |    5711 |  29.5 |      26 |      10 |  27.8
    Snake:2 |    8696 |    1107 |  11.3 |      18 |       2 |  10.0
    Snake:3 |   30929 |   12870 |  29.4 |      60 |      18 |  23.1
    Snake:4 |   15691 |   19986 |  56.0 |      28 |      22 |  44.0
      Orc:1 |    3265 |     951 |  22.6 |      28 |       1 |   3.4
      Orc:2 |    5176 |    7413 |  58.9 |      53 |      55 |  50.9
            +---------+---------+-------+---------+---------+-------
